cohdb
Replays
Latest Replays
All Replays
Popular Replays
Top Player Replays
Match Explorer
How It Works
Community
CoH3 Stats
Reddit
Sign in to upload your games and track your stats! →
Sign in with Steam
Match 39411387
Unlisted
Match 39411387
Overview
Messages
Build Orders
End
Kradschützen Motorcycle Team
250 Light Carrier
Panzerpioneer Squad
Construct Light Support Kompanie
Assault Grenadier Squad
Assault Grenadier Squad
Selects Panzerjäger Kommand Battlegroup
Selects Tank Busters
Selects Mine Fields
Fire Support Elements
Flakvierling Half-track
2.5-tonne Medical Truck
Panzerjäger Mechanized Group
Panzerjäger Squad
2.5-tonne Medical Truck
Selects Defensive Positions
Selects Butterfly Bomb Drop
Veteran Squad Leaders
Selects Crew Shock Tactics
Construct Panzerarmee Kommand
poppe
WadoVice
0
0
Comments
sign in to comment!
No comments posted yet!